 Dungeon Crawl Stone Soup version 0.25.0-15-gac7dcb8 (webtiles) character file.

Game seed: 9669011363522411723

53 Icepheonix32 the Gusty (level 3, -7/20 HPs)
             Began as a Tengu Air Elementalist on June 28, 2020.
             Mangled by a gnoll
             ... wielding a +0 club
              (10 damage)
             ... on level 2 of the Dungeon.
             The game lasted 00:02:50 (1569 turns).

Icepheonix32 the Gusty (Tengu Air Elementalist)     Turns: 1569, Time: 00:02:51

Health: -7/20      AC:  2    Str:  8    XL:     3   Next: 89%
Magic:  0/7        EV: 12    Int: 16    God:
Gold:   82         SH:  0    Dex: 14    Spells: 6/7 levels left

rFire    . . .     SeeInvis .   l - +2 whip (freeze)
rCold    . . .     Gourm    .   (no shield)
rNeg     . . .     Faith    .   a - +0 robe
rPois    .         Spirit   .   (helmet restricted)
rElec    .         Reflect  .   (no cloak)
rCorr    .         Harm     .   (no gloves)
MR       .....                  (boots unavailable)
Stlth    ++........             (no amulet)
HPRegen  0.06/turn              (no ring)
MPRegen  0.10/turn              (no ring)

@: very slightly contaminated
A: beak, talons 3
a: no special abilities


You were on level 2 of the Dungeon.
You were near starving.

You visited 1 branch of the dungeon, and saw 2 of its levels.

You collected 82 gold pieces.

Inventory:

Hand Weapons
 l - a +2 whip of freezing (weapon)
Armour
 a - a +0 robe (worn)
Scrolls
 e - a scroll of fear {unknown}
 f - a scroll of noise {unknown}
 j - a scroll of immolation {unknown}
 m - 2 scrolls of teleportation {unknown}
Potions
 b - a potion of heal wounds {unknown}
 d - a potion of stabbing {unknown}
 g - a potion of ambrosia {unknown}
 i - a potion of resistance {unknown}
 k - a potion of curing {unknown}
Comestibles
 c - a ration
 h - 4 chunks of flesh


   Skills:
 + Level 0.4 Fighting
 + Level 2.2 Dodging
 - Level 2.0 Stealth
 * Level 2.5 Spellcasting
 + Level 2.0 Conjurations
 * Level 5.3 Air Magic


You had 6 spell levels left.
You knew the following spells:

 Your Spells              Type           Power        Failure   Level  Hunger
a - Shock                 Conj/Air       ##..         4%          1    #......

Your spell library contained the following spells:

 Spells                   Type           Power        Failure   Level  Hunger
 Swiftness                Chrm/Air       ##......     10%         2    ##.....
 Static Discharge         Conj/Air       ##......     13%         3    ###....
 Airstrike                Air            ###.......   22%         4    #####..
 Lightning Bolt           Conj/Air       ##........   77%         5    ######.


Dungeon Overview and Level Annotations

Branches:
Dungeon (2/15)

Altars:


Innate Abilities, Weirdness & Mutations

You have a beak for a mouth.
You have claws for feet.


Message History

Unknown command.
Casting: Shock (safe; 4% risk of failure)
Confirm with . or Enter, or press ? or * to list all spells.
Aiming: Shock (safe; 4% risk of failure)
Press: ? - help, Shift-Dir - straight line The zap hits the gnoll.
The gnoll is moderately wounded.
The zap misses the gnoll.
The zap hits the gnoll.
You kill the gnoll!
The gnoll hits you with a +0 club!
* * * LOW HITPOINT WARNING * * *
Casting: Shock (safe; 4% risk of failure)
Confirm with . or Enter, or press ? or * to list all spells.
Aiming: Shock (safe; 4% risk of failure)
Press: ? - help, Shift-Dir - straight line The zap hits the gnoll.
The gnoll is severely wounded.
The gnoll hits you with a +0 club!
Ouch! That really hurt!
You die...

.......#..... ............
........... .......... .......
#######...#####
g...g.)........
##.####g#.....# #@# ..... #.#
##.# #.# #.# ####### # ###.#
#w# # ......##. #. #...#
#.#####.#
#####.##.##.##.#######.......#
......#........#...)......####
$
......#..##.#................#
.. ......#
^.#.#......รท..#..###.#...


You could see a gnoll.

Vanquished Creatures
  A gnoll (D:2)
  An ooze (D:1)
  A worm (D:2)
  3 dart slugs
  A leopard gecko (D:2)
  A ball python (D:1)
  2 giant cockroaches (D:1)
  3 goblins
  3 hobgoblins
  A quokka (D:2)
  5 bats
  A frilled lizard (D:1)
  4 kobolds
  2 rats
29 creatures vanquished.

Notes
Turn   | Place    | Note
-------+----------+-------------------------------------------
     0 | D:1      | Icepheonix32 the Tengu Air Elementalist began the quest for
                  | the Orb.
     0 | D:1      | Reached XP level 1. HP: 10/10 MP: 4/4
   302 | D:1      | Reached XP level 2. HP: 15/15 MP: 4/6
   797 | D:1      | Reached skill level 5 in Air Magic
  1028 | D:1      | Reached XP level 3. HP: 19/19 MP: 3/7
  1569 | D:2      | Mangled by a gnoll

Illustrated notes

Levels and vault maps discovered:
D:1:      dpeg_arrival_boxes_within_box, layout_basic,
          chequers_serial_rivers_micro_c
D:2:      layout_basic

Skill      XL: |  1  2  3 |
---------------+----------+-----
Air Magic      | 5 |  5.3
Conjurations   | 2 |  2.0
Fighting       | |  0.4
Dodging        | |  2.2
Stealth        | |  2.0
Spellcasting   | |  2.5

Action                   || total
-------------------------++-------
Melee: Club              ||     4
       Unarmed           ||     4
       Kick              ||     5
       Peck              ||     2
       Whip              ||    14
 Cast: Shock             ||    51
 Stab: Sleeping          ||     1
  Eat: Chunk             ||     1
Armor: Robe              ||     2
Dodge: Dodged            ||    13
